 Dungeon Crawl Stone Soup version 0.27-a0-1188-g73eefd5def (webtiles) character file.

Game seed: 7783070666058746615

254 dickylongcocking the Stinger (level 6, -3/38 HPs)
             Began as an Octopode Venom Mage on May 21, 2021.
             Was an Initiate of Hepliaklqana.
             Slain by a wyvern (14 damage)
             ... on level 4 of the Dungeon.
             The game lasted 00:04:31 (4423 turns).

dickylongcocking the Stinger (Octopode Venom Mage)  Turns: 4423, Time: 00:04:32

Health: -3/38      AC:  1    Str:  8    XL:     6   Next: 15%
Magic:  11/11      EV: 13    Int: 19    God:    Hepliaklqana [......]
Gold:   201        SH:  0    Dex: 12    Spells: 1/11 levels left

rFire    + . .     SeeInvis .   l - +0 rapier (drain)
rCold    x . .     Faith    .   (no shield)
rNeg     . . .     Spirit   .   (helmet restricted)
rPois    +         Reflect  .   (no amulet)
rElec    .         Harm     .   k - ring of fire
rCorr    .         Rampage  .   p - ring of poison resistance
Will     .....                  (no ring)
Stlth    +++.......             (no ring)
HPRegen  0.12/turn              (no ring)
MPRegen  0.12/turn              (no ring)
                                (no ring)
                                (no ring)

@: no status effects
A: almost no armour, amphibious, 8 rings, camouflage 1, gelatinous body 1,
(nimble swimmer 1), tentacles
a: Renounce Religion


You were on level 4 of the Dungeon.
You worshipped Hepliaklqana.
Hepliaklqana was noncommittal.
You visited 2 branches of the dungeon, and saw 5 of its levels.

You collected 201 gold pieces.

Inventory:

Hand Weapons
 l - a +0 rapier of draining (weapon)
Jewellery
 k - a ring of fire (left tentacle)
 p - a ring of poison resistance (right tentacle)
Wands
 n - a wand of digging (5)
Scrolls
 b - 3 scrolls of enchant armour {unknown}
 c - 3 scrolls of teleportation {unknown}
 d - 3 scrolls of identify {unknown}
 h - a scroll of noise {unknown}
 j - a scroll of fear {unknown}
 m - a scroll of amnesia {unknown}
 r - a scroll of enchant weapon {unknown}
 t - a scroll of holy word {unknown}
 u - a scroll of magic mapping {unknown}
Potions
 a - 3 potions of curing
 e - a potion of heal wounds {unknown}
 f - a potion of cancellation {unknown}
 g - a potion of haste {unknown}
 i - a potion of might {unknown}
 o - a potion of lignification {unknown}
 q - 2 potions of attraction {unknown}
 s - a potion of degeneration {unknown}


   Skills:
 * Level 1.4 Fighting
 - Level 2.2 Dodging
 - Level 3.0 Stealth
 - Level 0.3 Unarmed Combat
 * Level 3.3 Spellcasting
 * Level 2.8 Transmutations
 - Level 0.2 Air Magic
 * Level 5.4 Poison Magic


You had one spell level left.
You knew the following spells:

 Your Spells              Type           Power      Damage    Failure   Level
a - Sting                 Tmut/Pois      76%        1d6       2%          1
d - Olgreb's Toxic Radia  Pois           23%        N/A       16%         4
n - Ignite Poison         Fire/Tmut/Pois 20%        N/A       14%         3
p - Poisonous Vapours     Pois/Air       28%        N/A       7%          2

Your spell library contained the following spells:

 Spells                   Type           Power      Damage    Failure   Level
 Animate Skeleton         Necr           6%         N/A       14%         1
 Foxfire                  Conj/Fire      16%        2x1d4     14%         1
 Pain                     Necr           12%        1d4       14%         1
 Mephitic Cloud           Conj/Pois/Air  10%        N/A       21%         3
 Conjure Flame            Conj/Fire      4%         6-21      41%         3
 Inner Flame              Hex/Fire       4%         N/A       41%         3
 Vampiric Draining        Necr           1%         2d6       41%         3
 Animate Dead             Necr           1%         N/A       82%         4
 Sticky Flame             Conj/Fire      4%         2d3       82%         4
 Agony                    Necr           3%         N/A       99%         5
 Fireball                 Conj/Fire      2%         3d4       99%         5


Dungeon Overview and Level Annotations

Branches:
Dungeon (4/15)             Temple (1/1) D:4

Altars:
Ashenzari
Dithmenos
Elyvilon
Fedhas
Hepliaklqana
Kikubaaqudgha
Makhleb
Okawaru
Qazlal
Ru
Sif Muna
Trog
Vehumet
Wu Jian
Xom
Yredelemnul
Zin
The Shining One

Shops:
D:4 [


Innate Abilities, Weirdness & Mutations

You cannot wear most types of armour.
You are amphibious.
You can wear up to eight rings at the same time.
Your skin changes colour to match your surroundings (Stealth+).
Your rubbery body absorbs attacks. (AC +1, EV +1)
((You are camouflaged near water. (Stealth+)))
You have tentacles for arms and can constrict up to eight enemies at once.


Message History

You hit the necrophage.
The necrophage is almost destroyed.
You constrict the necrophage.
You destroy the necrophage!
Your life force feels restored.
Your Fighting skill increases to level 1!
You have reached level 6!
Your experience leads to an increase in your attributes!
Increase (S)trength, (I)ntelligence, or (D)exterity?
You feel clever.
Casting: Sting (safe; 2% risk of failure)
Confirm with . or Enter, or press ? or * to list all spells.
Okay, then.
Magic restored.
You open the door.
A water moccasin skeleton comes into view.
The water moccasin skeleton moves out of view.
A wyvern comes into view.
Found a scroll labelled MOEXUW ERO.
There is an open door here.
The wyvern hisses angrily.
There are monsters nearby!
There are monsters nearby!
You barely miss the wyvern. The wyvern barely misses you.
The water moccasin skeleton barely misses you.
The wyvern closely misses you.
There are monsters nearby!
You closely miss the wyvern. The water moccasin skeleton bites you.
The wyvern bites you!!
Ouch! That really hurt!
Unknown command.
The wyvern bites you!
* * * LOW HITPOINT WARNING * * *
There is an open door here.
Okay, then.
Okay, then.
It was a potion of curing.
You feel better. The wyvern bites you.
* * * LOW HITPOINT WARNING * * *
The wyvern bites you!
You die...

#. #########+#(....# #
+.......#....'.....#...#
#.. ....#....#.....#...#
#... #..##...#.....#...#
.##?..##>.###'##.....#...#
...............#.....#...'
...............+..>..#...#
########l###'###.....#...#
........@...........#...#
....................#>..#
....................#..##
........>...........#..##
.........................
.P......#######..##+#P...
.######## #..# #.... #+##
#.... #....


You could see a wyvern.

Vanquished Creatures
  A necrophage (D:4)
  A hound (D:4)
  3 gnolls (D:4)
  3 adders
  3 dart slugs
  5 orcs
  5 ball pythons
  5 bats
  7 endoplasms
  A giant cockroach (D:2)
  8 hobgoblins
  4 jackals
  6 kobolds
  2 quokkas
  8 goblins
  5 rats
67 creatures vanquished.

Vanquished Creatures (others)
  A plant (D:4)
1 creature vanquished.

Grand Total: 68 creatures vanquished

Notes
Turn   | Place    | Note
-------+----------+-------------------------------------------
     0 | D:1      | dickylongcocking the Octopode Venom Mage began the quest
                  | for the Orb.
     0 | D:1      | Reached XP level 1. HP: 11/11 MP: 3/3
   450 | D:1      | Reached skill level 4 in Poison Magic
   553 | D:1      | Reached XP level 2. HP: 11/17 MP: 5/5
   683 | D:1      | Learned a level 2 spell: Poisonous Vapours
  1212 | D:1      | Reached XP level 3. HP: 18/21 MP: 0/6
  1216 | D:1      | Learned a level 3 spell: Ignite Poison
  2623 | D:3      | Reached XP level 4. HP: 27/27 MP: 7/7
  3117 | D:4      | Found Onukusso's Antique Armour Shop.
  3676 | D:4      | Found a staircase to the Ecumenical Temple.
  3683 | Temple   | Entered the Ecumenical Temple
  3836 | Temple   | Became a worshipper of Hepliaklqana the Forgotten
  3877 | D:4      | Reached XP level 5. HP: 31/31 MP: 0/9
  3881 | D:4      | Reached skill level 5 in Poison Magic
  4293 | D:4      | Learned a level 4 spell: Olgreb's Toxic Radiance
  4370 | D:4      | Noticed a necrophage
  4379 | D:4      | Killed a necrophage
  4380 | D:4      | Reached skill level 1 in Fighting
  4380 | D:4      | Reached XP level 6. HP: 34/38 MP: 9/11
  4417 | D:4      | Noticed a wyvern
  4423 | D:4      | Slain by a wyvern

Illustrated notes

Levels and vault maps discovered:
D:1:      dpeg_arrival_three_bigger_balls, layout_basic
D:2:      layout_rooms
D:3:      layout_loops_corners, kennysheep_generic_room_3
D:4:      corexii_shantytown, layout_gridville, temple_doors_cd, serial_shops,
          shop
Temple:   compressed_dpeg_circular_temple

Skill      XL: |  1  2  3  4  5 |
---------------+----------------+-----
Poison Magic   | 4 5 |  5.4
Stealth        | 3 |  3.0
Transmutations | 2 |  2.8
Spellcasting   | 3 |  3.3
Fighting       | 1 |  1.4
Dodging        | |  2.2
Unarmed Combat | |  0.3
Air Magic      | |  0.2

Action                   |  1- 3 |  4- 6 || total
-------------------------+-------+-------++-------
Melee: Unarmed           |    37 |       ||    37
       Constrict         |    14 |    13 ||    27
       Tentacles         |     7 |     6 ||    13
       Rapier            |    21 |    41 ||    62
 Cast: Sting             |    23 |     4 ||    27
       Poisonous Vapours |    16 |     6 ||    22
  Use: Potion            |       |     1 ||     1
 Stab: Sleeping          |     9 |     5 ||    14
Armor: Skin              |     6 |       ||     6
Dodge: Dodged            |    38 |    25 ||    63

Table legend: (Time is in decaauts)
 A = Elapsed time spent in this place.
 B = Non-inter-level travel time spent in this place.
 C = Inter-level travel time spent in this place.
 D = Time resting spent in this place.
 E = Time spent auto-exploring this place.
 F = Levels seen in this place.
 G = Mean time per level.
                   A        B        C        D        E       F      G
               +--------+--------+--------+--------+--------+-----+--------+
         Total |   4433 |   4372 |     61 |    347 |   3455 |   5 |  886.6 |
       Dungeon |   4263 |   4217 |     46 |    347 |   3363 |   4 | 1065.8 |
        Temple |    169 |    154 |     15 |      0 |     92 |   1 |  169.0 |
               +--------+--------+--------+--------+--------+-----+--------+

Top non-repeatable levels by time:
     D:1: 1586 daAuts
     D:4: 1213 daAuts
     D:3: 937 daAuts
     D:2: 526 daAuts
  Temple: 169 daAuts
